AoeStats
← nezbez

MegaRandom

508746955Analyzed
3v3 RM · 9d ago on Sep 23, 2026· 55m 43s· 6 players
Game mode
Random Map
Map size
Normal (6 player)
Population
200
Speed
Normal
Resources
Standard
Victory
Conquest
Starting age
Dark Age
Ending age
Imperial Age
RankedLock teamsTeams togetherTeam positionsShared explorationLock speedFull tech treeHidden civsTurbo modeCheats
Victory
Defeat
🇨🇦 Persians · Canada
1060
+16
🇺🇸 Danes · United States
1006
+19
🇳🇴 Magyars · Norway
972
+20
🇨🇱 Mapuche · Chile
1170
-23
🇨🇱 Danes · Chile
1076
-19
🇨🇱 Saxons · Chile
942
-13
Maltés
4:06 Loom
10:20 Feudal Age
14:28 Castle Age
13:16 Double-Bit Axe
14:30 Fletching
15:18 Bodkin Arrow
21:56 Padded Archer Armor
23:12 Bow Saw
22:43 Horse Collar
23:57 Leather Archer Armor
26:51 Ballistics
29:27 Masonry
30:22 Malon
34:25 Wheelbarrow
33:36 Town Watch
33:18 Pikeman
42:38 Scale Mail Armor
42:56 Forging
44:20 Chain Mail Armor
51:54 Imperial Age
53:33 Plate Mail Armor
McNulty
5:56 Loom
11:11 Feudal Age
11:15 Man-at-Arms
11:59 Double-Bit Axe
15:58 Fletching
19:43 Castle Age
18:58 Gold Mining
29:06 Horse Collar
30:24 Town Watch
31:22 Forging
32:03 Scale Mail Armor
33:41 Iron Casting
34:41 Chain Mail Armor
37:43 Imperial Age
37:23 Wheelbarrow
36:43 Arson
36:59 Squires
37:50 Pikeman
40:34 Blast Furnace
39:00 Halberdier
40:03 Conscription
41:15 Plate Mail Armor
43:46 Coinage
44:57 Bodkin Arrow
47:47 Bracer
49:00 Padded Archer Armor
50:16 Gold Shaft Mining
49:53 Bow Saw
49:51 Heavy Plow
50:05 Heavy Mounted Crossbowman
50:06 Cranequins
51:02 Leather Archer Armor
51:40 Ballistics
52:20 Chemistry
51:36 Thumb Ring
53:50 Murder Holes
Mitik0
8:54 Loom
14:05 Feudal Age
15:25 Wheelbarrow
15:09 Man-at-Arms
15:34 Horse Collar
16:54 Arson
17:24 Forging
17:15 Scale Mail Armor
19:34 Double-Bit Axe
20:06 Town Watch
22:37 Gold Mining
22:38 Stone Mining
28:20 Castle Age
30:05 Fletching
52:10 Hand Cart
54:43 Long Swordsman
55:08 Gambesons
55:24 Squires
55:31 Squires
55:17 Gambesons
aliø
2:49 Loom
3:15 Loom
10:21 Feudal Age
10:49 Town Watch
11:02 Horse Collar
18:43 Castle Age
17:01 Fletching
17:22 Double-Bit Axe
19:25 Wheelbarrow
20:51 Bow Saw
20:25 Light Cavalry
21:46 Husbandry
22:29 Scale Barding Armor
23:36 Bloodlines
24:51 Heavy Plow
28:35 Gold Mining
29:08 Stone Mining
29:39 Hand Cart
34:06 Imperial Age
36:28 Imperial Age
34:33 Corvinian Army
35:51 Corvinian Army
41:33 Conscription
44:06 Hussar
48:17 Parthian Tactics
47:58 Thumb Ring
48:55 Padded Archer Armor
48:50 Bodkin Arrow
53:15 Bodkin Arrow
54:24 Heavy Cavalry Archer
nezbez
3:44 Loom
11:53 Feudal Age
12:17 Man-at-Arms
12:49 Arson
12:54 Double-Bit Axe
12:51 Horse Collar
15:55 Wheelbarrow
17:46 Fletching
19:53 Padded Archer Armor
35:08 Castle Age
36:45 Scale Mail Armor
36:58 Forging
37:39 Bow Saw
39:26 Gambesons
39:42 Squires
42:06 Chain Mail Armor
42:27 Iron Casting
46:09 Hand Cart
56:39 Imperial Age
54:47 Heavy Plow
twistoffate
8:37 Loom
10:25 Feudal Age
11:44 Loom
14:45 Castle Age
13:02 Double-Bit Axe
15:29 Bow Saw
15:18 Horse Collar
16:02 Heavy Plow
17:08 Wheelbarrow
18:18 Town Watch
20:23 Hand Cart
21:22 Scale Barding Armor
22:23 Chain Barding Armor
22:20 Bloodlines
23:57 Husbandry
25:17 Forging
27:49 Gold Mining
42:53 Kamandaran
43:37 Ballistics
43:31 Crossbowman
44:17 Thumb Ring
44:04 Fletching
49:57 Bodkin Arrow
51:44 Padded Archer Armor
Connection lost

Rejoining the realm…

Still unreachable

The connection could not be restored.

Session expired

The server has moved on; the page needs a fresh start.